 Dungeon Crawl Stone Soup version 0.32-a0-427-g448f42529f (webtiles) character file.

Game seed: 12708542682138016476

673 zx48k the Sneak (level 7, -12/43 HPs)
             Began as an Octopode Alchemist on Feb 22, 2024.
             Was an Initiate of Ashenzari.
             Hit by a javelin thrown by a merfolk javelineer (27 damage)
             ... created by the fury of Okawaru
             ... on level 5 of the Dungeon.
             The game lasted 00:11:48 (3536 turns).

zx48k the Sneak (Octopode Alchemist)                Turns: 3536, Time: 00:11:49

Health: -12/43     AC:  1    Str:  4 (7)  XL:     7   Next: 59%
Magic:  12/12      EV: 18    Int: 17 (20) God:    Ashenzari [......]
Gold:   246        SH:  0    Dex: 11 (12) Spells: 5/13 levels left

rFire   . . .        k - +2 dagger (venom)
rCold   . . .        (no shield)
rNeg    . . .        (helmet restricted)
rPois   .            (no amulet)
rElec   .            d - +4 ring of slaying
rCorr   .            m - +5 ring of evasion
SInv    .            (no ring)
Will    .....        (no ring)
Stlth   +++++        (no ring)
HPRegen 0.27/turn    (no ring)
MPRegen 0.13/turn    (no ring)
                     (no ring)

%: no passive effects
@: about to teleport
A: almost no armour, amphibious, 8 rings, camouflage 1, gelatinous body 1,
nimble swimmer 1, tentacles
a: Renounce Religion


You were on level 5 of the Dungeon.
You worshipped Ashenzari.
Ashenzari was noncommittal.
You visited 1 branch of the dungeon, and saw 5 of its levels.

You collected 246 gold pieces.

Inventory:

Hand Weapons
 k - a +2 dagger of venom (weapon)
Jewellery
 d - a +4 ring of slaying (left tentacle)
 m - a +5 ring of evasion (right tentacle)
 t - an amulet of guardian spirit
Wands
 w - a wand of paralysis (4)
Scrolls
 b - a scroll of noise {unknown}
 c - a scroll of teleportation
 h - a scroll of fear
 i - 2 scrolls of revelation {unknown}
 l - a scroll of silence
 n - a scroll of fog {unknown}
 o - a scroll of blinking {unknown}
 s - a scroll of amnesia {unknown}
 u - a scroll of torment {unknown}
 v - a scroll of brand weapon
Potions
 a - 2 potions of magic
 e - a potion of attraction {unknown}
 g - a potion of cancellation {unknown}
 j - 2 potions of curing
 p - a potion of heal wounds {unknown}
 q - a potion of brilliance {unknown}
 r - a potion of degeneration


   Skills:
 + Level 1.5 Fighting
 * Level 2.8 Short Blades
 + Level 3.1 Dodging
 * Level 5.4 Stealth
 * Level 3.6 Spellcasting
 + Level 2.5 Conjurations
 + Level 1.6 Air Magic
 * Level 4.8 Alchemy


You had 5 spell levels left.
You knew the following spells:

 Your Spells              Type           Power      Damage    Failure   Level
a - Sting                 Conj/Alch      60%        1d6       3%          1
b - Mephitic Cloud        Conj/Alch/Air  13%        N/A       14%         3
c - Iskenderun's Mystic   Conj/Tloc      7%         2d4       67%         4

Your spell library contained the following spells:

 Spells                   Type           Power      Damage    Failure   Level
 Mercury Vapours          Alch/Air       28%        N/A       7%          2
 Olgreb's Toxic Radiance  Alch           19%        N/A       22%         4
 Tukima's Dance           Hex            3%         N/A       45%         3
 Sticky Flame             Fire/Alch      11%        2d5       52%         4
 Dimensional Bullseye     Hex/Tloc       1%         N/A       86%         4


Dungeon Overview and Level Annotations

Branches:
Dungeon (5/15)
 Temple: D:4-7

Altars:
Ashenzari
Cheibriados
Makhleb
Nemelex Xobeh
Okawaru


Innate Abilities, Weirdness & Mutations

You cannot wear most types of armour.
You are amphibious.
You can wear up to eight rings at the same time.
Your skin changes colour to match your surroundings (Stealth+).
Your rubbery body absorbs attacks. (AC +1, EV +1)
You are camouflaged when in or above water. (Stealth+)
You have tentacles for arms and can constrict up to eight enemies at once.


Message History

You are poisoned.
Edmund completely misses himself.
You hit Edmund.
Edmund looks as sick as possible!
You squeeze Edmund.
Edmund is heavily wounded.
You constrict Edmund, but do no damage.
You feel very sick.
You barely miss Edmund. You squeeze Edmund!
Edmund is severely wounded.
You constrict Edmund.
You feel sick.
Edmund is engulfed in noxious fumes.
Edmund appears confused.
Edmund barely misses you.
You hit Edmund.
You kill Edmund!
You feel very sick.
Unknown command.
You start resting.
You feel sick. x8
You are no longer poisoned.
b - a scroll labelled SAOTEM SACESCH You hear the slow hiss of an avalanche of sand nearby.
You enter the shallow water.
You hear the slow hiss of an avalanche of sand very nearby.
Magic restored.
Okawaru sends forces against you!
A merfolk javelineer and 2 merfolk come into view.
The merfolk javelineer is wielding a +0 spear of flaming.
As you read the scroll of teleportation, it crumbles to dust.
You feel strangely unstable.
The merfolk shouts!
The merfolk javelineer throws a javelin.
The javelin pierces through you!
A merfolk comes into view. It is wielding a +0 trident.
The merfolk throws a boomerang.
The boomerang barely misses you.
It was a potion of degeneration.
There was something very wrong with that liquid.
You feel weakened.
You feel dopey.
You feel clumsy.
The merfolk hits you from afar with a +0 trident!
A merfolk comes into view. It is wielding a +0 trident.
The merfolk javelineer throws a javelin.
The javelin pierces through you!!
Ouch! That really hurt!
You die...

###............#
...............#
.......~.......#
.......≈≈......#
......≈.mm.....#
......≈.#m###+##
.###≈≈~##≈m#
#### ##≈# #@#
### ∩


You could see a merfolk javelineer and 3 merfolk.

Vanquished Creatures
  Menkaure (D:4)
  Edmund (D:5)
  A black bear (D:4)
  A scorpion (D:4)
  A bombardier beetle (D:5)
  A sleepcap (D:4)
  An iguana (D:4)
  5 adders
  2 dart slugs
  3 ribbon worms
  3 orcs
  4 bats
  7 endoplasms
  2 giant cockroaches
  4 goblins
  16 hobgoblins
  A jackal (D:2)
  5 quokkas
  3 ball pythons
  9 frilled lizards
  8 kobolds
  9 rats
88 creatures vanquished.

Notes
Turn   | Place    | Note
-------+----------+-------------------------------------------
     0 | D:1      | zx48k the Octopode Alchemist began the quest for the Orb.
     0 | D:1      | Reached XP level 1. HP: 11/11 MP: 3/3
   120 | D:1      | You fall into a shaft and drop 1 floor!
   157 | D:2      | Reached XP level 2. HP: 17/17 MP: 5/5
   172 | D:2      | Reached skill level 3 in Stealth
   251 | D:2      | Reached XP level 3. HP: 7/21 MP: 6/6
   547 | D:2      | Reached skill level 1 in Short Blades
   547 | D:2      | Reached XP level 4. HP: 27/27 MP: 7/7
  1369 | D:1      | Reached skill level 4 in Stealth
  1721 | D:3      | Reached XP level 5. HP: 31/31 MP: 9/9
  1783 | D:3      | Found an iron altar of Okawaru.
  1798 | D:3      | Became a worshipper of Warmaster Okawaru
  1877 | D:3      | Learned a level 3 spell: Mephitic Cloud
  1882 | D:3      | Learned a level 4 spell: Iskenderun's Mystic Blast
  2076 | D:3      | Found a faded altar of an unknown god.
  2486 | D:4      | Noticed a black bear
  2493 | D:4      | Killed a black bear
  2494 | D:4      | Reached XP level 6. HP: 27/37 MP: 3/10
  2803 | D:4      | Found a snail-covered altar of Cheibriados.
  2818 | D:4      | Reached skill level 1 in Air Magic
  2821 | D:4      | Reached skill level 1 in Fighting
  3001 | D:4      | Noticed Menkaure
  3216 | D:4      | Found a sparkling altar of Nemelex Xobeh.
  3256 | D:4      | Found a broken altar of Ashenzari.
  3256 | D:4      | Found a burning altar of Makhleb.
  3260 | D:4      | Reached * piety under Okawaru
  3267 | D:4      | Fell from the grace of Okawaru
  3269 | D:4      | Became a worshipper of Ashenzari the Shackled
  3288 | D:4      | Killed Menkaure
  3289 | D:4      | Reached skill level 5 in Stealth
  3289 | D:4      | Reached XP level 7. HP: 23/43 MP: 10/12
  3419 | D:5      | Entered Level 5 of the Dungeon
  3445 | D:5      | Noticed Edmund
  3452 | D:5      | Killed Edmund
  3534 | D:5      | Noticed a merfolk javelineer
  3534 | D:5      | Noticed a merfolk
  3534 | D:5      | Noticed a merfolk
  3535 | D:5      | Noticed a merfolk
  3536 | D:5      | Noticed a merfolk
  3536 | D:5      | Hit by a javelin thrown by a merfolk javelineer

Illustrated notes

Levels and vault maps discovered:
D:1:      dpeg_arrival_tiny_c, layout_basic
D:2:      layout_basic, nicolae_concentric_dashed_squares_wild, minmay_circle_x
D:3:      layout_rooms, mainiacjoe_overflow_cross_hatched,
          shapermc_ecumenical_altar_hornbeckon, minivault_27,
          kennysheep_generic_room_16
D:4:      layout_basic, mainiacjoe_overflow_alcove_2, yredelemnul_altar_generic,
          lemuel_round_altar, mainiacjoe_overflow_divided_tiny,
          worldfamousw_hep_ancestral_shrine, uniq_menkaure
D:5:      minmay_goblin_kobold_castle, layout_basic, tso_altar,
          nicolae_gozag_cash_rules_everything_around_me,
          chequers_ossuary_entry_cave, roderic_serpentine_path,
          chequers_serial_rivers_small_b, nicolae_elevator_lobby_plus,
          uniq_edmund, uniq_crazy_yiuf_cottage

Skill      XL: |  1  2  3  4  5  6 |
---------------+-------------------+-----
Stealth        | 3 4 5 |  5.4
Short Blades   | 1 2 |  2.8
Alchemy        | 4 |  4.8
Spellcasting   | 3 |  3.6
Conjurations   | 2 |  2.5
Air Magic      | 1 |  1.6
Fighting       | 1 |  1.5
Dodging        | 3 |  3.1

Action                     |  1- 3 |  4- 6 |  7- 9 || total
---------------------------+-------+-------+-------++-------
  Melee: Unarmed           |    18 |       |       ||    18
         Constrict         |    18 |    27 |     1 ||    46
         Tentacles         |    10 |    18 |     2 ||    30
         Punch             |     1 |       |       ||     1
         Short sword       |    43 |     4 |       ||    47
         Dagger            |       |    98 |     5 ||   103
   Cast: Sting             |     4 |     1 |     1 ||     6
         Mephitic Cloud    |       |       |     4 ||     4
 Invoke: Renounce Religion |       |     1 |       ||     1
    Use: Scroll            |       |     4 |     6 ||    10
         Potion            |       |     1 |     1 ||     2
   Stab: Sleeping          |     8 |    24 |       ||    32
         Distracted        |       |     1 |       ||     1
         Confused          |       |       |     1 ||     1
 Armour: Skin              |    18 |    22 |     5 ||    45
  Dodge: Dodged            |    45 |    53 |     4 ||   102

Table legend: (Time is in decaauts)
 A = Elapsed time spent in this place.
 B = Non-inter-level travel time spent in this place.
 C = Inter-level travel time spent in this place.
 D = Time resting spent in this place.
 E = Time spent auto-exploring this place.
 F = Levels seen in this place.
 G = Mean time per level.
                   A        B        C        D        E       F      G
               +--------+--------+--------+--------+--------+-----+--------+
         Total |   3522 |   3429 |     93 |    234 |   2442 |   5 |  704.4 |
       Dungeon |   3522 |   3429 |     93 |    234 |   2442 |   5 |  704.4 |
               +--------+--------+--------+--------+--------+-----+--------+

Top non-repeatable levels by time:
     D:2: 1034 daAuts
     D:4: 984 daAuts
     D:3: 745 daAuts
     D:1: 642 daAuts
     D:5: 116 daAuts
